 Dungeon Crawl Stone Soup version 0.31.0-11-ge490571c62 (webtiles) character file.

Game seed: 11613242309062841369

5294 qw the Skirmisher (level 10, -4/44 (49) HPs)
             Began as a Spriggan Hunter on Feb 4, 2024.
             Was an Elder of Okawaru.
             Killed from afar by a laughing skull (17 damage)
             ... with a bolt of negative energy
             ... on level 8 of the Dungeon.
             The game lasted 00:00:36 (6001 turns).

qw the Skirmisher (Spriggan Hunter)                 Turns: 6001, Time: 00:00:36

HP:   -4/44 (49)    AC:  6    Str:  7    XL:     10   Next: 37%
MP:   16/16         EV: 28    Int: 10    God:    Okawaru [****..]
Gold: 963           SH:  0    Dex: 24    Spells: 9/9 levels left

rFire   . . .        q - +1 orcbow
rCold   . . .        (shield currently unavailable)
rNeg    . . .        c - +0 robe
rPois   .            (helmet restricted)
rElec   .            k - scarf {repulsion}
rCorr   .            (gloves unavailable)
SInv    +            (boots unavailable)
Will    +....        g - amulet "Lebafe" {Rampage Regen+}
Stlth   +++          n - +4 ring of slaying {mikee}
HPRegen 1.07/turn    i - +4 ring of protection
MPRegen 0.15/turn

%: repel missiles, rampage
@: marked, heavily drained, very quick
A: very small, no large weapons, unfitting armour, see invisible, speed 3,
camouflage 1
a: Renounce Religion, Heroism, Finesse


You were on level 8 of the Dungeon.
You worshipped Okawaru.
Okawaru was greatly pleased with you.
You visited 1 branch of the dungeon, and saw 8 of its levels.
You also visited: Ossuary.

You collected 1509 gold pieces.
You spent 546 gold pieces at shops.


Innate Abilities, Weirdness & Mutations

You are very small and have problems with some larger weapons.
You are too small for most types of armour.
You have supernaturally acute eyesight. (SInv)
You cover ground extremely quickly. (Speed+++)
Your skin changes colour to match your surroundings (Stealth+).


   Skills:
 - Level 4.0 Fighting
 - Level 11.1 Ranged Weapons
 + Level 11.0 Dodging
 - Level 1.5 Stealth
 + Level 6.7 Invocations


You had 9 spell levels left.
You didn't know any spells.
Your spell library was empty.

Inventory:

Hand Weapons
 q - a +1 orcbow (weapon)
Armour
 c - a +0 robe (worn)
 f - a +2 cloak
 k - a scarf of repulsion (worn)
Jewellery
 g - the amulet "Lebafe" (around neck) {Rampage Regen+}
   (You took it off an orc priest on level 6 of the Dungeon)

   [amulet of regeneration]

   Regen+:    It increases your rate of health regeneration.
   Rampage:   It bestows one free step when moving towards enemies.
 i - a +4 ring of protection (right hand)
 n - a +4 ring of slaying (left hand) {mikee}
Wands
 p - a wand of roots (5)
Scrolls
 a - a scroll of fear {unknown}
 e - 2 scrolls of teleportation
 r - 2 scrolls of enchant armour
Potions
 b - 4 potions of curing
 j - a potion of mutation
 l - a potion of cancellation
 m - a potion of enlightenment
 o - a potion of heal wounds
 s - a potion of haste

Dungeon Overview and Level Annotations

Branches:
Dungeon (8/15)             Temple (0/1) D:5            Lair (0/5) D:8
Ossuary (visited)

Altars:
Elyvilon
Okawaru
Sif Muna
Vehumet
Wu Jian
The Shining One

Shops:
D:6 !   D:7 *

Annotations:
D:4 2 runed translucent doors, qw's ghost, novice SpHu
D:6 1 runed translucent door, Crazy Yiuf


Message History

Enter note:
Enter note:
Enter note:
5997 ||| RETREEEEATING.
You rampage towards the orc priest!
You shoot an arrow. The arrow hits the orc priest!
You kill the orc priest!
Okawaru accepts your kill.
The laughing skull cackles spitefully.
The bolt of negative energy misses you. The laughing skull misses you.
You shoot an arrow. The arrow hits the laughing skull!
The laughing skull is almost destroyed.
The howler monkey completely misses you.
The laughing skull lets out a vicious peal of laugher.
The bolt of negative energy hits you!!
You feel drained.
Ouch! That really hurt!
Enter note:
Enter note: You shoot an arrow.
The arrow hits the laughing skull but does no damage.
The laughing skull is almost destroyed.
The laughing skull cackles spitefully.
The bolt of negative energy misses you. The howler monkey closely misses you.
A howler monkey comes into view.
The vampire mosquito bites you!
The vampire mosquito draws strength from your injuries!
Enter note:
Enter note:
6000 ||| RETREEEEATING.
Things that are here:
a +0 short sword; a +0 chain mail You shoot an arrow.
The arrow hits the vampire mosquito.
The vampire mosquito is lightly damaged.
The vampire mosquito completely misses you.
The laughing skull lets out a vicious peal of laugher.
The bolt of negative energy hits the vampire mosquito.
The vampire mosquito completely resists.
The bolt of negative energy hits you!
You feel drained.
You die...
The laughing skull crumbles to pieces from sheer joy.

#... #.... #.....
#######......
..#####............
...........h........
..#####...zy$....#
#. ##.#.#yh....#
#.## #..#.#@..##.#
#...##.##.##..# #
#.#)...#..! ).#
#.##..##... #.#
#.##..#..#.. .. #
#.##.## #)# #.##
#.#..# ..
#...##...## #.#
#..#...#


You could see 2 vampire mosquitoes, a laughing skull and 2 howler monkeys.

Vanquished Creatures
  Pikel (D:6)
  An unseen horror (D:6)
  A komodo dragon (D:8)
  Grinder (D:6)
  Prince Ribbit (D:6)
  A wyvern (D:8)
  2 basilisks (D:8)
  Menkaure (D:6)
  Duvessa (D:4)
  2 water moccasins
  3 orc warriors
  A swamp drake (D:8)
  A sky beast (D:6)
  A black bear (D:5)
  6 ogres
  A centaur (D:7)
  2 lemures (D:6)
  A phantom (D:6)
  A weeping skull (Ossuary)
  3 kobold brigands
  2 bullfrogs
  An elf zombie (Ossuary)
  A gnoll sergeant (D:7)
  2 scorpions (D:5)
  A burial acolyte (Ossuary)
  7 wights
  Dowan (D:4)
  A bombardier beetle (D:6)
  A human zombie (Ossuary)
  5 jellies
  5 orc priests
  A gnoll bouda (D:4)
  2 hounds (D:6)
  2 sleepcaps
  4 orc wizards
  3 mummies (Ossuary)
  9 gnolls
  13 adders
  2 ufetubi (D:5)
  2 ribbon worms
  3 dart slugs
  19 orcs
  5 bats
  8 endoplasms
  2 giant cockroaches
  A gnoll zombie (Ossuary)
  7 goblins
  8 hobgoblins
  7 jackals (D:3)
  2 quokkas
  2 ball pythons
  2 frilled lizards
  21 kobolds
  3 kobold zombies (Ossuary)
  2 orc zombies (Ossuary)
  8 rats
197 creatures vanquished.

Notes
Turn   | Place    | Note
-------+----------+-------------------------------------------
     0 | D:1      | qw the Spriggan Hunter began the quest for the Orb.
     0 | D:1      | Reached XP level 1. HP: 10/10 MP: 2/2
     0 | D:1      | 0 ||| qw: Version: 0.3-a-160-g6735b56
     0 | D:1      | 0 ||| qw: Game counter: 4640
     0 | D:1      | 0 ||| qw: Melee chars always use a shield: true
     0 | D:1      | 0 ||| qw: God list: Okawaru
     0 | D:1      | 0 ||| qw: Allow faded altars: false
     0 | D:1      | 0 ||| qw: Do Orc after clearing Dungeon:15 true
     0 | D:1      | 0 ||| qw: Do second Lair branch before Depths: true
     0 | D:1      | 0 ||| qw: Lair rune preference: random
     0 | D:1      | 0 ||| qw: Goals: Normal
     0 | D:1      | 0 ||| PLANNING D:1-11
    25 | D:1      | Reached skill level 3 in Dodging
    82 | D:1      | Reached XP level 2. HP: 14/14 MP: 3/3
   345 | D:1      | 345 ||| UPGRADING to ring of protection from cold.
   346 | D:1      | 346 ||| UPGRADING to +4 ring of protection.
   347 | D:1      | 347 ||| READING scroll labelled PIARIA SIYMOY.
   348 | D:1      | 348 ||| READING scroll labelled QUNNUI POGADGH.
   352 | D:1      | 352 ||| DROPPING scroll of butterflies.
   361 | D:2      | 361 ||| STAIRDANCE
   542 | D:2      | Reached XP level 3. HP: 18/18 MP: 4/4
  1165 | D:2      | 1165 ||| READING scroll labelled PIDDIS PEAT.
  1165 | D:2      | 1165 ||| ENCHANTING +0 shortbow.
  1166 | D:2      | 1166 ||| READING scroll labelled MINWYI HESA.
  1166 | D:2      | 1166 ||| ENCHANTING +1 shortbow.
  1167 | D:2      | 1167 ||| READING scroll labelled REGUOCRISO.
  1274 | D:3      | Reached XP level 4. HP: 22/22 MP: 5/5
  1433 | D:3      | 1433 ||| FLEEEEING.
  1585 | D:3      | You fall into a shaft and drop 1 floor!
  1625 | D:4      | Found a glowing golden altar of the Shining One.
  1656 | D:4      | Found a runed translucent door.
  1656 | D:4      | Noticed a bullfrog
  1658 | D:4      | Noticed qw's ghost (novice SpHu)
  1684 | D:4      | Found a runed translucent door.
  1701 | D:4      | Reached XP level 5. HP: 26/26 MP: 6/6
  1849 | D:4      | 1849 ||| UPGRADING to scarf of repulsion.
  1854 | D:4      | 1854 ||| DROPPING ring of resist corrosion.
  1855 | D:4      | 1855 ||| UPGRADING to +4 ring of slaying {mikee}.
  1857 | D:4      | 1857 ||| DROPPING ring of protection from cold.
  1858 | D:4      | 1858 ||| READING scroll labelled RIERAT NICI.
  1859 | D:4      | 1859 ||| READING 2 scrolls labelled OJEMEF YNEOTUNN.
  1859 | D:4      | 1859 ||| IDENTIFYING smoky emerald potion
  1860 | D:4      | 1860 ||| READING scroll of identify.
  1860 | D:4      | 1860 ||| IDENTIFYING fizzy cyan potion
  1861 | D:4      | 1861 ||| READING scroll labelled JURE JAGUE.
  1861 | D:4      | 1861 ||| BRANDING +1 shortbow.
  1862 | D:4      | 1862 ||| READING scroll labelled DYODAR CUADDIU.
  1911 | D:4      | 1911 ||| DROPPING potion of invisibility.
  1912 | D:4      | 1912 ||| DROPPING potion of attraction.
  2324 | D:4      | Reached skill level 6 in Ranged Weapons
  2382 | D:4      | Reached XP level 6. HP: 30/30 MP: 7/7
  2432 | D:4      | Noticed Dowan
  2434 | D:4      | Noticed Duvessa
  2439 | D:4      | Killed Duvessa
  2440 | D:4      | Reached skill level 6 in Dodging
  2442 | D:4      | Killed Dowan
  2549 | D:4      | 2549 ||| READING scroll of identify.
  2549 | D:4      | 2549 ||| IDENTIFYING clear potion
  2550 | D:4      | 2550 ||| DRINKING 2 cyan potions.
  2551 | D:4      | 2551 ||| DROPPING potion of brilliance.
  2562 | D:5      | Entered Level 5 of the Dungeon
  2562 | D:5      | Noticed a water moccasin
  2567 | D:5      | Killed a water moccasin
  2568 | D:5      | Reached XP level 7. HP: 35/35 MP: 8/8
  2605 | D:5      | 2605 ||| RETREEEEATING.
  2606 | D:5      | 2606 ||| RETREEEEATING.
  2607 | D:5      | 2607 ||| FLEEEEING.
  2608 | D:5      | 2608 ||| FLEEEEING.
  2609 | D:5      | 2609 ||| FLEEEEING.
  2611 | D:5      | 2611 ||| FLEEEEING.
  2612 | D:5      | 2612 ||| FLEEEEING.
  2613 | D:5      | 2613 ||| FLEEEEING.
  2615 | D:5      | 2615 ||| FLEEEEING.
  2675 | D:5      | 2675 ||| FLEEEEING.
  2676 | D:5      | 2676 ||| FLEEEEING.
  2677 | D:5      | 2677 ||| FLEEEEING.
  2678 | D:5      | 2678 ||| FLEEEEING.
  2679 | D:5      | 2679 ||| FLEEEEING.
  2683 | D:5      | 2683 ||| FLEEEEING.
  2684 | D:5      | 2684 ||| FLEEEEING.
  2803 | D:5      | Found an iron altar of Okawaru.
  2804 | D:5      | 2804 ||| PLANNING OKAWARU WORSHIP
  2811 | D:5      | Became a worshipper of Warmaster Okawaru
  2812 | D:5      | 2812 ||| PLANNING D:1-11
  2827 | D:5      | 2827 ||| DROPPING +1 sling of freezing.
  2872 | D:5      | Found a staircase to the Ecumenical Temple.
  2913 | D:5      | 2913 ||| FLEEEEING.
  2914 | D:5      | 2914 ||| FLEEEEING.
  2915 | D:5      | 2915 ||| FLEEEEING.
  3159 | D:5      | 3159 ||| DROPPING ring of magical power.
  3160 | D:5      | 3160 ||| READING scroll of identify.
  3160 | D:5      | 3160 ||| IDENTIFYING emerald potion
  3178 | D:6      | Noticed Pikel
  3179 | D:6      | 3179 ||| RETREEEEATING.
  3180 | D:6      | 3180 ||| RETREEEEATING.
  3180 | D:6      | Noticed Menkaure
  3181 | D:6      | 3181 ||| RETREEEEATING.
  3182 | D:6      | 3182 ||| RETREEEEATING.
  3183 | D:6      | 3183 ||| RETREEEEATING.
  3184 | D:6      | 3184 ||| RETREEEEATING.
  3195 | D:6      | HP: 8/35 [lemure[Pikel] (3)]
  3196 | D:6      | 3196 ||| READING 2 scrolls of teleportation.
  3200 | D:6      | Killed Pikel
  3200 | D:6      | Reached * piety under Okawaru
  3200 | D:6      | Reached ** piety under Okawaru
  3201 | D:6      | Reached skill level 9 in Dodging
  3201 | D:6      | Reached XP level 8. HP: 7/39 MP: 9/9
  3204 | D:6      | 3204 ||| READING scroll of teleportation.
  3206 | D:6      | Reached skill level 1 in Invocations
  3359 | D:6      | Noticed Prince Ribbit
  3360 | D:6      | 3360 ||| INVOKING Heroism.
  3365 | D:6      | Killed Prince Ribbit
  3366 | D:6      | Reached skill level 3 in Fighting
  3422 | D:6      | Identified the amulet "Lebafe" {Rampage Regen+}
  3424 | D:6      | Reached skill level 3 in Invocations
  3473 | D:6      | Found a runed translucent door.
  3474 | D:6      | Noticed Crazy Yiuf
  3540 | D:6      | Found Zoannu's Distillery.
  3547 | D:6      | 3547 ||| BUYING potion of cancellation (112 gold).
  3547 | D:6      | Bought a potion of cancellation for 112 gold pieces
  3547 | D:6      | 3547 ||| BUYING potion of curing (42 gold).
  3547 | D:6      | Bought a potion of curing for 42 gold pieces
  3547 | D:6      | 3547 ||| BUYING potion of enlightenment (70 gold).
  3547 | D:6      | Bought a potion of enlightenment for 70 gold pieces
  3547 | D:6      | 3547 ||| BUYING potion of heal wounds (70 gold).
  3547 | D:6      | Bought a potion of heal wounds for 70 gold pieces
  3547 | D:6      | 3547 ||| SHOPLISTING potion of mutation (112 gold, have
                  | 32).
  3588 | D:6      | Found a shimmering blue altar of Sif Muna.
  3727 | D:6      | Noticed an unseen horror
  3728 | D:6      | 3728 ||| INVOKING Heroism.
  3734 | D:6      | Killed an unseen horror
  3735 | D:6      | Reached skill level 9 in Ranged Weapons
  3735 | D:6      | Reached XP level 9. HP: 36/44 MP: 9/13
  3794 | D:6      | Killed Menkaure
  3898 | D:6      | Reached *** piety under Okawaru
  3961 | D:6      | HP: 9/44 [orc warrior/+0 scimitar (10)]
  3962 | D:6      | 3962 ||| READING scroll of teleportation.
  3963 | D:6      | 3963 ||| DRINKING 2 potions of heal wounds.
  4193 | D:6      | Noticed Grinder
  4209 | D:6      | Killed Grinder
  4495 | D:6      | 4495 ||| UPGRADING to amulet "Lebafe" {Rampage Regen+}.
  4527 | D:7      | Found a radiant altar of Vehumet.
  4528 | D:7      | 4528 ||| PLANNING OSSUARY
  4628 | D:7      | Reached **** piety under Okawaru
  4673 | D:7      | 4673 ||| SWAPPING to +0 orcbow.
  4674 | D:7      | 4674 ||| DROPPING +1 shortbow of freezing.
  4709 | D:7      | Found a sand-covered staircase.
  4713 | Ossuary  | Entered an ossuary
  4828 | Ossuary  | 4828 ||| RETREEEEATING.
  4829 | Ossuary  | 4829 ||| INVOKING Finesse.
  5004 | Ossuary  | 5004 ||| READING 2 scrolls of identify.
  5004 | Ossuary  | 5004 ||| IDENTIFYING brown potion
  5005 | Ossuary  | 5005 ||| READING scroll of identify.
  5005 | Ossuary  | 5005 ||| IDENTIFYING lumpy silvery potion
  5006 | Ossuary  | 5006 ||| READING scroll labelled UPLECKI SINWI.
  5006 | Ossuary  | Identified a scroll of acquirement
  5006 | Ossuary  | 5006 ||| ACQUIRING 1017 gold pieces
  5006 | Ossuary  | Acquired 1017 gold pieces
  5008 | Ossuary  | 5008 ||| READING scroll labelled SYWUXZ IVAPH.
  5109 | Ossuary  | 5109 ||| DRINKING 2 golden potions.
  5109 | Ossuary  | Gained mutation: You are partially covered in iridescent
                  | scales. (AC +2) [potion of mutation]
  5109 | Ossuary  | Lost mutation: You are partially covered in iridescent
                  | scales. (AC +2) [potion of mutation]
  5109 | Ossuary  | Gained mutation: Your skin changes colour to match your
                  | surroundings (Stealth+). [potion of mutation]
  5110 | Ossuary  | 5110 ||| DRINKING 2 lumpy blue potions.
  5111 | Ossuary  | 5111 ||| DROPPING potion of berserk rage.
  5112 | Ossuary  | 5112 ||| DROPPING potion of lignification.
  5131 | D:7      | 5131 ||| PLANNING D:1-11
  5219 | D:7      | Reached XP level 10. HP: 49/49 MP: 13/15
  5257 | D:7      | Found Dabb's Neck Hole.
  5263 | D:7      | 5263 ||| BUYING +0 cloak (54 gold).
  5263 | D:7      | Bought a +0 cloak for 54 gold pieces
  5263 | D:7      | 5263 ||| BUYING +2 cloak (198 gold).
  5263 | D:7      | Bought a +2 cloak for 198 gold pieces
  5357 | D:7      | Found an ornate altar of the Wu Jian Council.
  5512 | D:7      | 5512 ||| DROPPING +0 cloak.
  5646 | D:8      | Reached skill level 6 in Invocations
  5696 | D:8      | Found a white marble altar of Elyvilon.
  5796 | D:8      | 5796 ||| DRINKING potion of resistance.
  5836 | D:8      | Found a staircase to the Lair.
  5979 | D:8      | 5979 ||| READING scroll of enchant weapon.
  5979 | D:8      | 5979 ||| ENCHANTING +0 orcbow.
  5997 | D:8      | 5997 ||| RETREEEEATING.
  6000 | D:8      | 6000 ||| RETREEEEATING.
  6001 | D:8      | Killed from afar by a laughing skull

Levels and vault maps discovered:
D:1:      giann_bridges, layout_rooms, serial_corexii_hall,
          chequers_hall_statues_wall_a, corexii_hall_statues_x
D:2:      layout_basic, serial_curves, eino_curves_02, eino_curves_02
D:3:      layout_basic
D:4:      layout_loops_ring, mainiacjoe_overflow_cross_hatched,
          ebering_ghost_sewer_f, uniq_duvessa
D:5:      layout_cave_pools, old_standard_altar, minmay_temple_entry_waves
D:6:      layout_basic, mainiacjoe_overflow_alcove_1, serial_shops,
          nicolae_shop_stone, minmay_microvault, uniq_prince_ribbit1,
          uniq_crazy_yiuf_cottage, uniq_pikel, uniq_grinder, uniq_menkaure
D:7:      layout_rooms, nzn_wu_jian_contemplation, mainiacjoe_overflow_chevrons,
          nicolae_ossuary_entry_plus, roderic_cross_of_infinity,
          chequers_mini_garden, nicolae_shop_sticking_my_neck_out
D:8:      minmay_the_grid_triangle_9x9_recursive_2
          [minmay_the_grid_triangle_9x9_prize_center,
          minmay_the_grid_triangle_9x9_shrine,
          minmay_the_grid_triangle_9x9_stretched_checkered,
          minmay_the_grid_triangle_9x9_limited_checkers], layout_rooms,
          amcnicky_altar_gilded, erik_lair_dragon, nrook_uturn, kennysheep_nub,
          grunt_ministairs_12

Skill      XL: |  1  2  3  4  5  6  7  8  9 10 |
---------------+-------------------------------+-----
Dodging        | 3 4 5 6 9 11 | 11.0
Ranged Weapons | 5 6 8 9 10 11 | 11.1
Fighting       | 2 3 4 |  4.0
Invocations    | 4 5 6 |  6.7
Stealth        | |  1.5

Action                     |  1- 3 |  4- 6 |  7- 9 | 10-12 || total
---------------------------+-------+-------+-------+-------++-------
   Fire: Shortbow          |   117 |   138 |   244 |       ||   499
         Orcbow            |       |       |    65 |   102 ||   167
 Invoke: Heroism           |       |       |     2 |       ||     2
         Finesse           |       |       |     1 |       ||     1
    Use: Scroll            |     5 |     6 |     8 |     1 ||    20
         Potion            |       |     1 |     3 |     1 ||     5
 Armour: Robe              |     8 |    12 |    32 |    12 ||    64
  Dodge: Dodged            |    29 |    34 |   180 |    32 ||   275
         Repelled          |       |       |     1 |       ||     1

Table legend:
 A = Non-vault XP
 B = Vault XP
 C = Vault XP percentage of total XP
 D = Non-vault monster count
 E = Vault monster count
 F = Vault count percentage of total count
                 A         B        C        D         E       F
            +---------+---------+-------+---------+---------+-------
      Total |    4146 |    3418 |  45.2 |     166 |      29 |  14.9
            +---------+---------+-------+---------+---------+-------
        D:1 |      31 |       0 |   0.0 |      18 |       0 |   0.0
        D:2 |      28 |       0 |   0.0 |      14 |       0 |   0.0
        D:3 |     124 |       0 |   0.0 |      29 |       0 |   0.0
        D:4 |     206 |     216 |  51.2 |      22 |       2 |   8.3
        D:5 |     785 |       0 |   0.0 |      19 |       0 |   0.0
        D:6 |    1200 |    1486 |  55.3 |      23 |       5 |  17.9
        D:7 |    1420 |       0 |   0.0 |      28 |       0 |   0.0
        D:8 |     352 |    1388 |  79.8 |      13 |       9 |  40.9
    Ossuary |       0 |     328 | 100.0 |       0 |      13 | 100.0
            +---------+---------+-------+---------+---------+-------
